 Dungeon Crawl Stone Soup version 0.30-a0-4-ga7cffc901d (webtiles) character file.

Game seed: 15297158133446184570

3139 flotson the Trooper (level 9, -1/69 HPs)
             Began as a Demonspawn Delver on Aug 22, 2022.
             Was an Initiate of Gozag.
             Slain by a human
             ... wielding a +0 vorpal hand axe
              (11 damage)
             ... in a bailey.
             The game lasted 00:16:56 (9433 turns).

flotson the Trooper (Demonspawn Delver)             Turns: 9433, Time: 00:16:57

Health: -1/69      AC:  9    Str: 17    XL:     9   Next: 61%
Magic:  9/9        EV: 28    Int: 12    God:    Gozag
Gold:   887        SH:  0    Dex: 14    Spells: 8/8 levels left

rFire   + . .      SeeInvis .    C - +7 staff of the Meek {protect, meekguard}
rCold   . . .      Faith    .    (shield currently unavailable)
rNeg    . . .      Spirit   .    z - +1 leather armour {rPois}
rPois   +          Reflect  .    (no helmet)
rElec   .          Harm     .    v - +0 cloak
rCorr   +          Rampage  .    (no gloves)
Will    .....                    (no boots)
Stlth   ++........               n - amulet of the acrobat
HPRegen 0.21/turn                y - ring of resist corrosion
MPRegen 0.11/turn                (no ring)

@: acrobatic
A: molten scales 3, demonic guardian 1
a: Renounce Religion, Potion Petition, Call Merchant, Bribe Branch


You were in a bailey.
You worshipped Gozag.
Gozag was pleased with you.
You visited 2 branches of the dungeon, and saw 8 of its levels.
You also visited: Bailey.

You collected 987 gold pieces.
You paid 100 gold pieces to Gozag.

Inventory:

Hand Weapons
 C - the +7 staff of the Meek (weapon) {protect, meekguard}
   (You found it on level 5 of the Dungeon)

   It grants its wielder temporary protection when it strikes (+7 to AC).
   It provides extra protection to wielders with little health.
Missiles
 a - 9 poisoned darts (quivered)
 i - 7 boomerangs
 l - a throwing net
Armour
 v - a +0 cloak (worn)
 z - a +1 leather armour of poison resistance (worn)
Jewellery
 n - an amulet of the acrobat (around neck)
 y - a ring of resist corrosion (left hand)
Wands
 f - a wand of light (2)
 g - a wand of digging (3)
Scrolls
 b - a scroll of teleportation {unknown}
 c - a scroll of fog
 d - a scroll of magic mapping
 h - 2 scrolls of blinking {unknown}
 m - 2 scrolls of enchant armour {unknown}
 o - a scroll of summoning {unknown}
 q - a scroll of amnesia {unknown}
 s - 7 scrolls of identify {unknown}
 u - a scroll of poison {unknown}
 x - a scroll of immolation {unknown}
 E - a scroll of noise {unknown}
Potions
 e - a potion of ambrosia {unknown}
 j - a potion of might {unknown}
 k - a potion of invisibility {unknown}
 p - a potion of flight {unknown}
 r - a potion of degeneration {unknown}
 t - 5 potions of heal wounds {unknown}
 w - a potion of curing {unknown}
 A - 3 potions of brilliance {unknown}
 B - a potion of mutation {unknown}
 D - a potion of berserk rage {unknown}


   Skills:
 + Level 5.9 Fighting
 + Level 4.4 Short Blades
 - Level 1.7 Axes
 + Level 3.5 Staves
 + Level 4.5 Throwing
 + Level 4.4 Armour
 + Level 4.9 Dodging
 - Level 4.5 Stealth
 - Level 2.4 Shields
 + Level 4.8 Evocations


You had 8 spell levels left.
You didn't know any spells.
Your spell library contained the following spells:

 Spells                   Type           Power      Damage    Failure   Level
 Apportation              Tloc           0%         N/A       36%         1
 Beastly Appendage        Tmut           0%         N/A       36%         1
 Necrotise                Necr           0%         1d4       36%         1
 Shock                    Conj/Air       0%         1d3       36%         1
 Slow                     Hex            0%         N/A       36%         1
 Summon Small Mammal      Summ           0%         N/A       36%         1
 Sublimation of Blood     Necr           0%         N/A       52%         2
 Wereblood                Tmut           0%         N/A       52%         2
 Confusing Touch          Hex            0%         N/A       75%         3
 Spider Form              Tmut/Pois      0%         N/A       75%         3
 Vampiric Draining        Necr           0%         2d6       75%         3
 Petrify                  Tmut/Erth      0%         N/A       98%         4
 Irradiate                Conj/Tmut      0%         3d11      100%        5


Dungeon Overview and Level Annotations

Branches:
Dungeon (7/15)             Temple (1/1) D:4          Bailey (1/1)

Altars:
Ashenzari
Cheibriados
Dithmenos
Fedhas
Gozag
Hepliaklqana
Kikubaaqudgha
Makhleb
Nemelex Xobeh
Okawaru
Qazlal
Ru
Sif Muna
Vehumet
Wu Jian
Xom
Yredelemnul

Shops:
D:2 [   D:3 (

Annotations:
D:6 3 runed translucent doors, greasedhog's ghost, novice GrTm Bailey Prince Ribbit


Innate Abilities, Weirdness & Mutations

You are completely covered in molten scales. (AC +4, rF+)
A weak demonic guardian rushes to your aid.


Message History

The bolt of light hits the hobgoblin!
You kill the hobgoblin!
The bolt of light hits the vault guard!
The vault guard is moderately wounded.
The vault guard is blinded.
You see here a poisoned dart.
The vault guard is distracted by your dazzling golden aura.
You see here a poisoned dart.
The human is distracted by your dazzling golden aura.
The vault guard is no longer blind.
The vault guard is no longer distracted by gold.
The human is no longer distracted by gold.
The vault guard shouts!
Found a scroll labelled OFECEUKK MOD CAOL, 7 gold pieces and a sapphire potion.
There is an open door here.
Aiming: Bolt of Light
Press: ? - help, Shift-Dir - straight line, f/p - vault guard
Aim: a vault guard, wielding a +0 broad axe and wearing a +0 plate armour (moderately wounded, 74% to hit)
The bolt of light misses the vault guard.
Aiming: Bolt of Light
Press: ? - help, Shift-Dir - straight line, f/p - vault guard
Aim: a vault guard, wielding a +0 broad axe and wearing a +0 plate armour (moderately wounded, 74% to hit)
The bolt of light hits the vault guard but does no damage.
The vault guard is moderately wounded.
The vault guard is blinded.
You close the door.
A vault guard opens the door.
As you close the door, it creaks loudly!
A vault guard breaks down the door.
It's broken and can't be closed.
The vault guard is no longer blind.
You see here a scroll labelled KEPPYF MEOGE.
m - 2 scrolls labelled KEPPYF MEOGE (gained 1)
The vault guard hits you with a +0 broad axe!!
* * * LOW HITPOINT WARNING * * *
A demonic guardian appears!
You see here a blue potion.
The human attacks as you move away!
The human hits you with a +0 vorpal hand axe!
You die...
Your body crumbles into a pile of gold.

###≈≈≈≈≈###
##≈≈~~~~~≈≈#
##≈~~~~~~~~~≈
#≈~~~~~~~~~≈#
#######~~..~((~~≈#
##!....##~.~.....~≈
#!?.....#.........(
#?5..∩..'......~~~~
#$@p....#...~~~≈≈≈≈
##.p...##...~≈≈####
#######~..~≈###$$#
#~~~.≈## ##~~.≈#
##~.≈# ###.'


You could see a vault guard (ally target), a human and a friendly ufetubus
(summoned).

Vanquished Creatures
  The ghost of Setbun the Covert, a novice KoEn (D:6)
  A wyvern (D:7)
  2 humans (Bailey)
  A water moccasin (D:6)
  An orc warrior (D:4)
  An ogre (D:5)
  A centaur (D:6)
  A kobold brigand (D:6)
  7 bullfrogs (Bailey)
  A necrophage (D:5)
  A scorpion (D:5)
  6 wights (D:6)
  Dowan (D:4)
  2 howler monkeys (D:7)
  A bullfrog zombie (D:6)
  A jelly (D:7)
  An orc priest (D:4)
  A hound (D:5)
  3 iguanas
  Terence (D:2)
  4 orc wizards
  A statue (D:4)
  A killer bee zombie (D:6)
  6 gnolls
  7 adders
  A shadow imp (D:6)
  4 white imps
  2 dart slugs
  28 orcs
  10 ball pythons
  3 bats
  6 endoplasms
  A giant cockroach (D:2)
  5 goblins
  7 hobgoblins
  2 jackals (D:4)
  11 kobolds
  5 quokkas
  3 frilled lizards
  7 rats
149 creatures vanquished.

Vanquished Creatures (collateral kills)
  Duvessa (D:4)
  A wight (D:6)
  A gnoll (D:3)
  2 orcs (D:5)
5 creatures vanquished.

Grand Total: 154 creatures vanquished

Notes
Turn   | Place    | Note
-------+----------+-------------------------------------------
     0 | D:5      | flotson the Demonspawn Delver began the quest for the Orb.
     0 | D:5      | Reached XP level 1. HP: 18/18 MP: 1/1
   139 | D:4      | Noticed Duvessa
   208 | D:3      | Noticed an orc wizard
   779 | D:4      | Noticed an orc priest
   842 | D:4      | Identified the +6 long sword of Wondrous Power {speed,
                  | Str+4}
   857 | D:3      | Gained mutation: You are partially covered in molten
                  | scales. (AC +2) [demonic ancestry]
   857 | D:3      | Reached XP level 2. HP: 24/24 MP: 2/2
   891 | D:3      | Found Ystiehi's Antique Weapon Shop.
   931 | D:2      | Identified the +10 rapier of Apnizo {venom, rElec Will+
                  | Dex+2}
  1033 | D:2      | Gained mutation: You are mostly covered in molten scales.
                  | (AC +3) [demonic ancestry]
  1033 | D:2      | Reached XP level 3. HP: 25/29 MP: 3/3
  1166 | D:2      | Reached skill level 1 in Evocations
  1234 | D:2      | Found Palaleel's Armour Boutique.
  1288 | D:1      | Found a transporter.
  1382 | D:1      | Reached skill level 1 in Throwing
  1419 | D:1      | Reached skill level 1 in Armour
  1476 | D:1      | Reached skill level 1 in Shields
  1483 | D:1      | Found a transporter.
  2301 | D:2      | Gained mutation: A weak demonic guardian rushes to your
                  | aid. [demonic ancestry]
  2301 | D:2      | Reached XP level 4. HP: 35/35 MP: 4/4
  2341 | D:2      | Noticed Terence
  2348 | D:2      | Killed Terence
  2349 | D:2      | Reached skill level 1 in Short Blades
  2716 | D:3      | Reached XP level 5. HP: 16/41 MP: 5/5
  3150 | D:3      | Found a faded altar of an unknown god.
  3154 | D:3      | Got Plato's Incunabulum of Breath
  3248 | D:3      | Found a sparkling altar of Nemelex Xobeh.
  3526 | D:4      | Found a staircase to the Ecumenical Temple.
  3536 | Temple   | Entered the Ecumenical Temple
  3783 | D:4      | Noticed an orc warrior
  3883 | D:4      | Found a radiant altar of Vehumet.
  3883 | D:4      | Noticed a frost-covered statue
  3964 | D:4      | Noticed Dowan
  4267 | D:5      | Reached XP level 6. HP: 48/48 MP: 6/6
  4282 | D:5      | Found an opulent altar of Gozag.
  4285 | D:5      | Became a worshipper of Gozag Ym Sagoz the Greedy
  4460 | D:5      | Reached skill level 4 in Fighting
  4642 | D:5      | Gained mutation: You are completely covered in molten
                  | scales. (AC +4, rF+) [demonic ancestry]
  4642 | D:5      | Reached XP level 7. HP: 54/54 MP: 7/7
  4682 | D:5      | Found the +7 staff of the Meek {protect, meekguard}
  5180 | D:6      | Found a runed translucent gate.
  5439 | D:6      | Reached skill level 1 in Staves
  5770 | D:6      | Found a runed translucent gate.
  5770 | D:6      | Found a runed translucent gate.
  5770 | D:6      | Found a runed translucent gate.
  5771 | D:6      | Found an opulent altar of Gozag.
  5771 | D:6      | Noticed a two-headed ogre
  5772 | D:6      | Noticed greasedhog's ghost (novice GrTm)
  5772 | D:6      | Noticed a vampire mosquito
  5895 | D:6      | Reached XP level 8. HP: 46/61 MP: 8/8
  6108 | D:6      | Found a runed translucent gate.
  6108 | D:6      | Found a runed translucent gate.
  6108 | D:6      | Noticed Setbun's ghost (novice KoEn)
  6111 | D:6      | Found a basalt altar of Yredelemnul.
  6476 | D:4      | Reached skill level 5 in Fighting
  6762 | D:4      | Killed Dowan
  6773 | D:4      | Killed Duvessa
  7104 | D:4      | Found a staircase to the Ecumenical Temple.
  7407 | D:4      | Found a radiant altar of Vehumet.
  7741 | D:5      | Found an opulent altar of Gozag.
  8332 | D:6      | Killed Setbun's ghost
  8333 | D:6      | Reached XP level 9. HP: 37/68 MP: 9/9
  8643 | D:7      | Found a flagged portal.
  8667 | Bailey   | Entered a bailey
  8988 | Bailey   | Noticed a vault guard
  8988 | Bailey   | Noticed Prince Ribbit
  9433 | Bailey   | Slain by a human

Illustrated notes

Levels and vault maps discovered:
D:1:      spicycebolla_arrival_transporter_tutorial, layout_basic,
          corexii_hall_statues_i
D:2:      minmay_door_path, layout_basic, serial_shops,
          nicolae_shop_statue_plus, uniq_terence
D:3:      layout_basic, nemelex_spade_bored_becter, serial_shops,
          nicolae_shop_stone, shapermc_ecumenical_altar_rom_forum
D:4:      layout_gridville, vehumet_statue, minmay_temple_entry_ruins,
          uniq_duvessa
D:5:      layout_loops_ring, lemuel_crystal_altar, serial_rivers,
          chequers_serial_rivers_small_3, chequers_serial_rivers_room_a,
          chequers_serial_rivers_micro_a, chequers_serial_rivers_marsh,
          chequers_serial_rivers_small_b, chequers_serial_rivers_micro_e
D:6:      layout_rooms, nicolae_yredelemnul_ghost_church, enter_ossuary_5,
          ebering_ghost_gozag
D:7:      layout_cave_pools, kennysheep_little_box, enter_bailey_4
Temple:   jpeg_temple_clearing
Bailey:   bailey_axe_froggy_fort_hellmonk, bailey

Skill      XL: |  1  2  3  4  5  6  7  8  9 |
---------------+----------------------------+-----
Dodging        | 2 3 4 |  4.9
Evocations     | 1 2 3 4 |  4.8
Throwing       | 1 2 3 4 |  4.5
Armour         | 1 2 3 4 |  4.4
Shields        | 1 2 |  2.4
Short Blades   | 1 2 3 4 |  4.4
Fighting       | 4 5 |  5.9
Staves         | 1 2 3 |  3.5
Axes           | |  1.7
Stealth        | |  4.5

Action                   |  1- 3 |  4- 6 |  7- 9 || total
-------------------------+-------+-------+-------++-------
Melee: Hand axe          |    23 |       |       ||    23
       Long sword        |    11 |       |       ||    11
       Rapier            |    37 |    89 |    11 ||   137
       Quarterstaff      |       |       |   246 ||   246
Throw: Boomerang         |       |     4 |       ||     4
       Dart              |       |       |     9 ||     9
       Throwing net      |       |       |     1 ||     1
Evoke: Wand              |       |       |     4 ||     4
  Use: Scroll            |     1 |       |     1 ||     2
       Potion            |       |       |     1 ||     1
 Stab: Sleeping          |    10 |     3 |     4 ||    17
       Distracted        |       |       |     2 ||     2
       Invisible         |       |       |     1 ||     1
Armor: Leather armour    |    15 |    12 |   159 ||   186
       Ring mail         |     3 |    14 |       ||    17
Dodge: Dodged            |    39 |    55 |   261 ||   355
Block: Buckler           |     7 |    18 |     3 ||    28

Table legend: (Time is in decaauts)
 A = Elapsed time spent in this place.
 B = Non-inter-level travel time spent in this place.
 C = Inter-level travel time spent in this place.
 D = Time resting spent in this place.
 E = Time spent auto-exploring this place.
 F = Levels seen in this place.
 G = Mean time per level.
                   A        B        C        D        E       F      G
               +--------+--------+--------+--------+--------+-----+--------+
         Total |   9517 |   9181 |    336 |    531 |   7021 |   9 | 1057.4 |
       Dungeon |   8632 |   8309 |    323 |    228 |   6663 |   7 | 1233.1 |
        Temple |    108 |     95 |     13 |      0 |     83 |   1 |  108.0 |
        Bailey |    776 |    776 |      0 |    303 |    275 |   1 |  776.0 |
               +--------+--------+--------+--------+--------+-----+--------+

Top non-repeatable levels by time:
     D:4: 2045 daAuts
     D:5: 1878 daAuts
     D:6: 1524 daAuts
     D:3: 1436 daAuts
     D:2: 897 daAuts
  Bailey: 776 daAuts
     D:1: 742 daAuts
  Temple: 108 daAuts
     D:7: 106 daAuts
